 Dungeon Sprint DCSS version 0.18.1-5-g4a78601 (webtiles) character file.

3128 IcyTea the Fencer (level 9, -3/97 HPs)
             Began as a Grey Draconian Chaos Knight on May 14, 2016.
             Impaled on a porcupine's spines (4 damage)
             ... in the Dungeon (Sprint IX: "|||||||||||||||||||||||||||||").
             The game lasted 00:09:01 (1566 turns).

IcyTea the Fencer (Grey Draconian Chaos Knight)     Turns: 1566, Time: 00:09:02

Health: -3/97      AC: 14    Str: 19    XL:     9   Next: 61%
Magic:  9/9        EV: 16    Int: 15    God:    Xom [..*...]
Gold:   0          SH:  0    Dex: 10    Spells: 0 memorised, 8 levels left

rFire  . . .     SeeInvis .     b - +0 falchion (chaos)
rCold  . . .     Gourm    .     (armour unavailable)
rNeg   . . .     Faith    .     (no shield)
rPois  .         Spirit   .     (helmet restricted)
rElec  .         Dismiss  .     n - +0 cloak
rCorr  .         Reflect  .     o - +0 pair of gloves
SustAt .         Harm     .     (no boots)
MR     .....     NoTele   +     (no amulet)
Stlth  +.........               q - +3 ring of intelligence
                                p - +2 ring of evasion

@: not resistant to hostile enchantments, very unstealthy
A: walk through water, unfitting armour, unbreathing, cold-blooded, AC +12
a: Renounce Religion


You were in the Dungeon.
You worshipped Xom.
You were a toy of Xom.
You were not hungry.

You visited 1 branch

Inventory:

Hand Weapons
 a - a +2 scimitar of holy wrath
 b - a +0 falchion of chaos (weapon)
Armour
 n - a +0 cloak (worn)
 o - a +0 pair of gloves (worn)
Jewellery
 p - a +2 ring of evasion (left hand)
 q - a +3 ring of intelligence (right hand)
Wands
 l - a wand of acid (0/15)
Scrolls
 e - 2 scrolls of enchant armour
 h - 2 scrolls of blinking
 j - 5 scrolls of remove curse
 k - 2 scrolls of amnesia
 r - a scroll of fog
 s - a scroll of fear
Potions
 c - 4 potions of curing
 d - 6 potions of heal wounds
 f - 4 potions of magic
 g - 2 potions of berserk rage
 i - a potion of invisibility
Comestibles
 m - a bread ration


   Skills:
 - Level 15.1 Fighting
 + Level 15.5 Long Blades
 - Level 6.3 Dodging


You had 8 spell levels left.
You didn't know any spells.

Dungeon Overview and Level Annotations

Branches:
Dungeon (1/1)

Altars:
Cheibriados
Dithmenos
Elyvilon
Fedhas
Gozag
Kikubaaqudgha
Makhleb
Nemelex Xobeh
Okawaru
Pakellas
Qazlal
Ru
Sif Muna
Trog
Vehumet
Xom
Yredelemnul
Zin
The Shining One
Beogh
Jiyva
Lugonu


Innate Abilities, Weirdness & Mutations

You can walk through water.
Your dull iron-grey scales are very hard (AC +12).
Your body does not fit into most forms of armour.
You can survive without breathing.
You are cold-blooded and may be slowed by cold attacks.


Message History

You tail-slap the death yak, but do no damage.
The death yak is severely wounded.
You hit the death yak but do no damage.
The death yak is severely wounded.
The death yak gores you!
* * * LOW HITPOINT WARNING * * *
You hit the death yak but do no damage.
The death yak is severely wounded.
The death yak gores you!!
* * * LOW HITPOINT WARNING * * *
"This might be better!"
You swap places with the death yak.
Some monsters swap places.
The death yak looks rather confused.
You are now a toy of Xom.
The porcupine bites you!
* * * LOW HITPOINT WARNING * * *
Xom thinks this is hilarious!
You are struck by the porcupine's spines.
You die...
Xom cackles wildly!

,,, ,,,,, ,,,,, ,,,,,,,,,,,,
********* ******** ***** **
,,,,, ,, + ,,,,,,,,,,,,+,
,**** ************ *** *** * ,
, , , ,,,,,,, ,,, ,, ,
▓▓▓▓▓▓▓▓▓▓▓▓▓▓▓▓▓▓▓▓▓▓▓▓▓▓▓▓▓▓
▓..{.Dr.tF....F|)..F..÷...÷...
▓.▓▓▓▓▓▓▓▓▓▓▓▓▓▓▓▓▓▓▓▓▓▓▓▓▓▓▓▓
▓.........tYr@.D..............
▓▓▓▓▓▓▓▓▓▓▓▓▓▓▓▓▓▓▓▓▓▓▓▓▓▓▓▓▓▓
▓<...')....†.....'____________
▓▓▓▓▓▓▓▓▓▓▓▓▓▓▓▓▓▓▓▓▓▓▓▓▓▓▓▓▓▓


You could see a death yak (confused), a five-headed hydra, a crocodile and a
porcupine.

Vanquished Creatures
  A hydra (D)
  A hill giant (D)
  A black mamba (D)
  A blink frog (D)
  A slime creature (D)
  A hungry ghost (D)
  2 hippogriffs (D)
  A water moccasin (D)
  A porcupine (D)
  An orc warrior (D)
  A wasp (D)
  2 giant frogs (D)
  A hound (D)
  An iguana (D)
  An adder (D)
  A giant gecko (D)
  A bat skeleton (D)
  A bat zombie (D)
  4 giant cockroaches (D)
  A goblin (D)
  A kobold (D)
  A quokka (D)
  A ball python skeleton (D)
  A bat (D)
  A giant gecko zombie (D)
30 creatures vanquished.

Vanquished Creatures (others)
  A deep elf mage (D)
  2 yaks (D)
  A crocodile (D)
  A jelly (D)
5 creatures vanquished.

Grand Total: 35 creatures vanquished

Notes
Turn   | Place    | Note
--------------------------------------------------------------
     0 | D        | IcyTea the Draconian Chaos Knight began the quest for the Orb.
     0 | D        | Reached XP level 1. HP: 19/19 MP: 1/1
    68 | D        | Noticed a hound
    71 | D        | Reached skill level 5 in Long Blades
    71 | D        | Reached XP level 2. HP: 26/26 MP: 2/2
    74 | D        | XOM: harmless Fire miscast
    86 | D        | Reached XP level 3. HP: 12/31 MP: 3/3
   275 | D        | Found a glowing silver altar of Zin.
   275 | D        | Found a glowing golden altar of the Shining One.
   275 | D        | Found an ancient bone altar of Kikubaaqudgha.
   275 | D        | Found a basalt altar of Yredelemnul.
   275 | D        | Found a shimmering altar of Xom.
   275 | D        | Found a radiant altar of Vehumet.
   276 | D        | Found an iron altar of Okawaru.
   277 | D        | Found a burning altar of Makhleb.
   278 | D        | Found a deep blue altar of Sif Muna.
   279 | D        | Found a bloodstained altar of Trog.
   280 | D        | Found a sparkling altar of Nemelex Xobeh.
   281 | D        | Found a white marble altar of Elyvilon.
   282 | D        | Found a roughly hewn altar of Beogh.
   283 | D        | Found a viscous altar of Jiyva.
   284 | D        | Found a corrupted altar of Lugonu.
   285 | D        | Found a blossoming altar of Fedhas.
   286 | D        | Found a snail-covered altar of Cheibriados.
   287 | D        | Found a shadowy altar of Dithmenos.
   288 | D        | Found a stormy altar of Qazlal.
   289 | D        | Found an opulent altar of Gozag.
   290 | D        | Found a sacrificial altar of Ru.
   291 | D        | Found an oddly glowing altar of Pakellas.
   331 | D        | Noticed a hungry ghost
   331 | D        | Noticed a wasp
   331 | D        | Noticed a yak
   352 | D        | XOM: summons friendly quasit
   353 | D        | Killed a hungry ghost
   353 | D        | Reached XP level 4. HP: 28/38 MP: 4/4
   353 | D        | Reached XP level 5. HP: 33/45 MP: 5/5
   369 | D        | Killed a wasp
   377 | D        | Killed a yak
   377 | D        | Reached XP level 6. HP: 6/51 MP: 6/6
   377 | D        | XOM: divine lightning (protected)
   677 | D        | Noticed a hill giant
   677 | D        | Noticed a yak
   677 | D        | Noticed a six-headed hydra
   677 | D        | Noticed a deep elf mage
   677 | D        | Noticed an orc warrior
   677 | D        | Noticed a slime creature
   677 | D        | XOM: medium Hex miscast
   684 | D        | XOM: butterfly on damage
   696 | D        | XOM: blink monster(s)
   698 | D        | Killed a hill giant
   698 | D        | Your scales start taking on a dull iron-grey colour.
   698 | D        | Reached XP level 7. HP: 46/74 MP: 7/7
   698 | D        | Gained mutation: You can survive without breathing. [Grey Draconian growth]
   699 | D        | XOM: medium Air miscast
   700 | D        | Killed a yak
   706 | D        | Killed a deep elf mage
   706 | D        | Reached XP level 8. HP: 8/85 MP: 8/8
   717 | D        | Killed a six-headed hydra
   717 | D        | Reached skill level 15 in Fighting
   722 | D        | XOM: enchant monster (good)
   734 | D        | Killed a slime creature
   734 | D        | Reached XP level 9. HP: 20/97 MP: 9/9
   825 | D        | XOM: mild Trmt miscast
   907 | D        | XOM: mild Erth miscast
  1207 | D        | Noticed a black mamba
  1224 | D        | XOM: confuse monster(s)
  1234 | D        | XOM: potion effect (might)
  1245 | D        | Killed a black mamba
  1245 | D        | Reached skill level 15 in Long Blades
  1501 | D        | Noticed a death yak
  1501 | D        | Noticed a spiny frog
  1501 | D        | Noticed a five-headed hydra
  1527 | D        | XOM: divination: magic mapping
  1565 | D        | XOM: swap monsters
  1565 | D        | HP: 1/97 [porcupine (9)]
  1566 | D        | Impaled on a porcupine's spines

Skill      XL: |  1  2  3  4  5  6  7  8  9 |
---------------+----------------------------+-----
Long Blades    | 5 7 11 12 13 15 | 15.5
Dodging        | 6 |  6.3
Fighting       | 11 12 15 | 15.1

Action                   |  1- 3 |  4- 6 |  7- 9 || total
-------------------------+-------+-------+-------++-------
Melee: Falchion          |    34 |    27 |    72 ||   133
       Tailslap          |     3 |     7 |    13 ||    23
       Scimitar          |    19 |     4 |       ||    23
Evoke: Wand              |       |       |     7 ||     7
  Use: Potion            |       |     3 |     3 ||     6
 Stab: Petrifying        |       |       |     1 ||     1
  Eat: Bread ration      |     1 |       |       ||     1
       Chunk             |       |     2 |     3 ||     5
Armor: Skin              |    20 |     1 |    19 ||    40
Dodge: Dodged            |    37 |    21 |    22 ||    80
